Map: Abyssal Reef LE

Players

SuicideSheep

  • Race: Terran Terran
  • League: Diamond
  • Spawn Location: 5:00

iggythefisk

  • Race: Terran Terran
  • Spawn Location: 11:00

OPquelji

  • Race: Zerg Zerg
  • League: Diamond

matathemyra

  • Race: Zerg Zerg

VOD

Have the link to the VOD?

Description

Time

  • Played on: Nov. 20, 2017, 1:29 p.m.
  • Length: 13:37
Show
View Real Time Build Order
Export as new Build Order

SuicideSheep Terran 

Build Orders: Mech 

Get SALT Encoding   

  12  0:00  SCV  
  13  0:13  SCV  
  14  0:24  Supply Depot  
  14  0:26  SCV  
  15  0:45  SCV  
  15  0:48  Barracks  
  16  0:57  SCV  
  17  1:10  SCV  
  18  1:22  Command Center, SCV  
  19  1:34  Orbital Command  
  19  1:35  Marine  
  20  1:43  Bunker  
  20  1:48  Refinery  
  20  1:53  Marine  
  21  1:57  Refinery  
  21  2:11  Marine  
  21  2:12  SCV  
  23  2:19  Refinery  
  23  2:34  Orbital Command, SCV, Marine  
  25  2:47  Factory  
  25  2:52  Marine  
  25  2:53  SCV  
  27  2:59  Factory  
  27  3:05  SCV x2  
  29  3:10  Barracks Tech Lab  
  29  3:17  SCV x2  
  29  3:19  Supply Depot  
  30  3:32  Factory  
  30  3:34  SCV x2  
  32  3:35  Barracks Tech Lab  
  32  3:41  Siege Tank  
  35  3:50  Supply Depot  
  35  3:51  SCV x2  
  37  3:59  Siege Tank  
  40  4:05  SCV  
  41  4:10  Refinery, SCV  
  41  4:13  Siege Tank  
  41  4:16  Factory Reactor  
  45  4:18  SCV  
  46  4:26  SCV, Armory  
  47  4:36  SCV  
  47  4:38  SCV  
  49  4:40  Siege Tank  
  49  4:44  Widow Mine  
  54  4:53  Supply Depot  
  54  4:54  Supply Depot x2  
  54  5:12  Drilling Claws  
  54  5:14  Widow Mine x2, SCV x2, Supply Depot  
  60  5:23  Thor  
  60  5:26  SCV  
  60  5:27  SCV  
  68  5:38  SCV  
  68  5:39  Thor  
  68  5:42  Widow Mine  
  75  5:43  Widow Mine  
  75  5:46  SCV  
  80  5:51  SCV  
  81  5:58  SCV  
  81  6:01  Engineering Bay  
  82  6:11  Widow Mine x2  
  82  6:14  Thor  
  92  6:22  SCV  
  92  6:23  SCV  
  94  6:28  Thor  
  94  6:30  Missile Turret  
  100  6:34  SCV  
  100  6:37  SCV  
  102  6:45  Hellion  
  102  6:57  Supply Depot x2, Terran Vehicle And Ship Armor Level 1  
  102  7:10  Missile Turret x2  
  102  7:15  Supply Depot  
  102  7:18  Siege Tank x2, SCV x2, Hellion x2  
  114  7:24  Command Center  
  100  7:30  SCV  
  74  7:50  Hellion x2, Siege Tank  
  78  7:54  SCV x2  
  78  7:55  Factory  
  78  7:56  Factory  
  80  8:01  Armory  
  80  8:04  Supply Depot  
  80  8:06  SCV x2  
  80  8:09  Siege Tank  
  85  8:15  Refinery, Hellion  
  85  8:17  Infernal Pre-Igniter  
  85  8:19  Refinery  
  87  8:22  Hellion  
  78  8:42  Hellion x2  
  78  8:43  Cyclone  
  78  8:44  Cyclone  
  88  8:50  Thor  
  88  8:55  Terran Vehicle Weapons Level 1  
  94  8:56  SCV  
  94  9:01  Orbital Command  
  95  9:07  Hellion  
  90  9:10  Hellion  
  90  9:14  Siege Tank  
  90  9:16  Factory Tech Lab  
  83  9:19  Factory Tech Lab  
  80  9:30  Refinery  
  80  9:31  SCV x2  
  80  9:32  SCV  
  80  9:33  Terran Vehicle And Ship Armor Level 2, Siege Tank  
  82  9:46  Siege Tank  
  85  10:01  Hellion x2  
  85  10:05  Siege Tank  
  78  10:12  SCV x3  
  74  10:18  Siege Tank  
  76  10:22  Hellion  
  78  10:35  SCV x2  
  78  10:36  SCV  
  78  10:39  Siege Tank  
  78  10:42  Siege Tank  
  86  10:44  Siege Tank  
  86  10:47  Refinery, SCV  
  90  10:50  Siege Tank  
  90  10:51  Hellion x2  
  97  10:59  SCV x2  
  97  11:00  SCV  
  100  11:08  Missile Turret  
  100  11:11  Missile Turret, SCV x2, Hellion  
  100  11:12  Terran Vehicle Weapons Level 2, Hellion x2  
  100  11:14  Hellion  
  100  11:16  Hellion  
  109  11:22  Siege Tank  
  95  11:38  Siege Tank x3  
  95  11:39  SCV x2  
  101  11:40  SCV  
  99  11:51  SCV x2  
  99  11:54  SCV  
  97  12:03  SCV  
  97  12:04  SCV  
  97  12:06  SCV  
  97  12:08  Command Center  
  100  12:09  Missile Turret  
  100  12:10  Supply Depot, Missile Turret  
  92  12:17  Missile Turret  
  69  12:44  Thor  
  75  12:57  SCV  
  75  12:58  SCV  
  77  13:02  Command Center  
  77  13:04  Refinery, SCV  
  78  13:09  SCV  
Show
View Real Time Build Order
Export as new Build Order

iggythefisk Terran 

Build Orders:  

Get SALT Encoding   

  12  0:01  Drone  
  13  0:08  Drone  
  14  0:16  Overlord  
  14  0:34  Drone x2  
  14  0:35  Drone  
  17  0:55  Hatchery  
  16  0:57  Drone  
  17  1:10  Spawning Pool  
  16  1:12  Drone  
  16  1:17  Extractor, Drone  
  17  1:21  Drone  
  18  1:33  Overlord  
  18  1:43  Drone  
  19  1:57  Queen  
  19  1:58  Zergling x2  
  22  2:07  Drone  
  23  2:09  Queen  
  23  2:10  Drone  
  26  2:18  Drone  
  27  2:33  Zergling x2, Hatchery  
  27  2:35  Drone x2  
  29  2:45  Queen  
  29  2:48  Drone  
  32  2:55  Drone x2  
  32  2:58  Drone  
  35  3:01  Drone  
  35  3:05  Pneumatized Carapace  
  36  3:09  Overlord  
  36  3:19  Evolution Chamber  
  35  3:21  Drone  
  35  3:22  Overlord  
  36  3:28  Drone  
  36  3:29  Drone x3  
  36  3:31  Extractor  
  39  3:41  Drone x4  
  43  3:45  Overlord  
  43  3:49  Zerg Missile Weapons Level 1  
  43  3:58  Lair  
  43  4:03  Overlord  
  43  4:04  Drone x2  
  45  4:13  Drone x5  
  45  4:16  Extractor  
  49  4:18  Queen  
  49  4:20  Drone  
  52  4:30  Roach Warren  
  51  4:35  Drone x5  
  56  4:43  Drone x3  
  56  4:44  Drone x2  
  61  4:57  Drone x6  
  67  5:01  Spire  
  66  5:09  Glial Reconstitution  
  66  5:11  Overlord  
  66  5:14  Extractor, Overlord  
  65  5:21  Overlord  
  65  5:23  Overlord  
  65  5:24  Drone  
  65  5:25  Drone x5  
  71  5:31  Overseer  
  71  5:39  Roach  
  71  5:40  Roach x7  
  87  5:43  Zerg Missile Weapons Level 2  
  87  5:47  Extractor  
  86  5:53  Roach x5  
  96  6:20  Zerg Flyer Weapons Level 1  
  96  6:23  Roach x2  
  96  6:24  Roach x3  
  106  6:30  Overlord x3  
  106  6:46  Hatchery  
  105  6:52  Roach  
  105  6:53  Roach x11  
  129  6:54  Overlord x3  
  129  6:56  Tunneling Claws  
  129  6:59  Burrow  
  128  7:04  Overseer x2  
  128  7:08  Overlord  
  128  7:13  Roach  
  128  7:14  Roach x5  
  140  7:26  Roach x4  
  134  7:30  Roach  
  134  7:34  Roach x7  
  128  7:40  Roach  
  114  7:48  Roach x6  
  118  7:59  Ravager  
  118  8:02  Roach x15, Drone x7  
  126  8:06  Zerg Ground Armor Level 1  
  126  8:11  Ravager  
  127  8:13  Queen  
  127  8:19  Roach x6  
  114  8:29  Roach x5  
  114  8:32  Roach x2  
  118  8:44  Extractor  
  118  8:45  Roach x8  
  118  8:46  Roach x14  
  118  8:47  Roach x17  
  137  8:56  Extractor  
  136  9:03  Roach x6  
  136  9:04  Roach  
  134  9:47  Ravager x3, Drone x15  
  134  9:48  Ravager  
  134  9:50  Ravager  
  154  9:55  Zerg Flyer Weapons Level 2  
  154  9:56  Extractor  
  147  10:01  Roach x3  
  147  10:02  Roach x7  
  139  10:21  Mutalisk  
  139  10:22  Mutalisk x4  
  147  10:32  Zerg Ground Armor Level 2  
  147  10:38  Roach x7  
  161  10:49  Mutalisk x2  
  163  10:50  Hatchery  
  163  10:54  Extractor  
  163  10:56  Roach x7  
  163  10:57  Mutalisk  
  163  10:58  Mutalisk  
  163  11:04  Roach x6, Spine Crawler  
  166  11:05  Roach x3  
  166  11:08  Mutalisk  
  168  11:13  Roach  
  168  11:24  Roach x2  
  168  11:25  Roach x3  
  138  11:34  Roach, Zergling x2  
  138  11:35  Roach x15  
  138  11:36  Roach  
  156  11:55  Roach  
  156  11:56  Roach x5  
  166  12:09  Roach  
  166  12:10  Roach x3  
  174  12:18  Roach, Zergling x2  
  174  12:21  Zergling x2  
  174  12:22  Zergling x16  
  168  12:23  Roach x8  
  164  12:32  Roach  
  164  12:33  Roach x2  
  151  12:46  Queen  
  153  12:53  Hydralisk Den  
  152  13:01  Roach x11  
  168  13:16  Roach x3  
Show
View Real Time Build Order
Export as new Build Order

OPquelji Zerg 

Build Orders:  

Get SALT Encoding   

Show
View Real Time Build Order
Export as new Build Order

matathemyra Zerg 

Build Orders:  

Get SALT Encoding   

Tags
 
Add a new tag
Caveats
  • Supply blocks, unpowered buildings, or Contaminate may cause inaccurate times.
  • Supply counts are checked every 10 seconds.